 Dungeon Crawl Stone Soup version 0.22-a0-377-g846bec1a06 (webtiles) character file.

94 D1HalberdGnoll the Firebug (level 4, -1/25 HPs)
             Began as a Deep Elf Fire Elementalist on Apr 27, 2018.
             Killed by divine providence
             ... invoked by an orc priest
              (13 damage)
             ... on level 3 of the Dungeon.
             The game lasted 00:03:13 (2605 turns).

D1HalberdGnoll the Firebug (DEFE)                   Turns: 2605, Time: 00:03:14

Health: -1/25      AC:  4    Str:  5    XL:     4   Next: 38%
Magic:  3/11       EV: 13    Int: 21    God:
Gold:   152        SH:  0    Dex: 15    Spells: 6/10 levels left

rFire    . . .     SeeInvis .   l - +0 dagger
rCold    . . .     Gourm    .   (no shield)
rNeg     . . .     Faith    .   a - +0 robe
rPois    .         Spirit   .   (no helmet)
rElec    .         Reflect  .   k - +0 cloak
rCorr    .         Harm     .   j - +0 pair of gloves (curse)
MR       .....                  (no boots)
Stlth    ++........             (no amulet)
HPRegen  0.08/turn              (no ring)
MPRegen  0.12/turn              (no ring)

@: no status effects
A: no striking features
a: no special abilities


You were on level 3 of the Dungeon.
You were not hungry.

You visited 1 branch of the dungeon, and saw 3 of its levels.

You collected 152 gold pieces.

Inventory:

Hand Weapons
 l - a +0 dagger (weapon)
Armour
 a - a +0 robe (worn)
 j - a cursed +0 pair of gloves (worn)
 k - a +0 cloak (worn)
Scrolls
 b - 5 scrolls of identify {unknown}
 e - 2 scrolls of teleportation {unknown}
 f - 3 scrolls of remove curse {unknown}
 g - a scroll of enchant armour {unknown}
 h - a scroll of noise {unknown}
 i - a scroll of enchant weapon {unknown}
 n - a scroll of immolation {unknown}
Potions
 d - a potion of brilliance {unknown}
Comestibles
 c - 7 rations
 m - a chunk of flesh


   Skills:
 + Level 1.0 Fighting
 + Level 3.1 Dodging
 - Level 2.4 Stealth
 + Level 3.6 Spellcasting
 + Level 2.0 Conjurations
 * Level 4.4 Fire Magic


You had 6 spell levels left.
You knew the following spells:

 Your Spells              Type           Power        Failure   Level  Hunger
a - Flame Tongue          Conj/Fire      ###..        3%          1    None
b - Conjure Flame         Conj/Fire      ###.....     10%         3    ###....


Dungeon Overview and Level Annotations

Branches:
Dungeon (3/15)

Altars:
Gozag


Message History

The flame tongue hits the orc.
You kill the orc!
Casting: Flame Tongue (safe; 3% risk of failure)
Confirm with . or Enter, or press ? or * to list all spells.
Aiming: Flame Tongue (safe; 3% risk of failure)
Press: ? - help, Shift-Dir - straight line, f - orc
Aim: an orc The flame tongue hits the orc.
The orc is heavily wounded.
Casting: Flame Tongue (safe; 3% risk of failure)
Confirm with . or Enter, or press ? or * to list all spells.
Aiming: Flame Tongue (safe; 3% risk of failure)
Press: ? - help, Shift-Dir - straight line, f/p - orc
Aim: an orc (heavily wounded)
The flame tongue hits the orc.
You kill the orc!
The orc priest invokes the aid of Beogh against you.
Beogh smites you!
Ouch! That really hurt!
You die...

### #.# ..# #.# #.#
#.# #.# #.# #.# #.#
#.######.########
................>
##.######.############
##.# #.......@....#
##.#################o#
.......... [#
....###... oo ....#
o.# ....# ..# ....#
<.. ....# ... ....#


You could see an orc priest.

Vanquished Creatures
  2 adders
  4 worms
  2 dart slugs
  3 leopard geckos
  3 orcs (D:3)
  A ball python (D:3)
  7 bats
  3 giant cockroaches
  6 goblins
  2 hobgoblins
  4 jackals (D:1)
  3 quokkas (D:3)
  2 kobolds
  14 rats
56 creatures vanquished.

Notes
Turn   | Place    | Note
-------+----------+-------------------------------------------
     0 | D:1      | D1HalberdGnoll the Deep Elf Fire Elementalist began the quest for the Orb.
     0 | D:1      | Reached XP level 1. HP: 10/10 MP: 6/6
   379 | D:1      | Reached XP level 2. HP: 11/15 MP: 2/8
  1312 | D:2      | Found an opulent altar of Gozag.
  1334 | D:2      | Reached XP level 3. HP: 20/20 MP: 7/9
  1611 | D:2      | Reached skill level 4 in Fire Magic
  2052 | D:3      | Learned a level 3 spell: Conjure Flame
  2108 | D:3      | Reached XP level 4. HP: 24/24 MP: 5/11
  2272 | D:3      | Found a faded altar of an unknown god.
  2278 | D:3      | Reached skill level 1 in Fighting
  2605 | D:3      | Killed from afar by an orc priest

Vault maps used:
D:1:      evilmike_arrival_run_for_it, minmay_misc_feat_doors
D:2:      nicolae_overflow_crystal_walls, first_ration
D:3:      nicolae_dithmenos_through_a_glass_darkly,
          chequers_ecumenical_altar_island

Skill      XL: |  1  2  3  4 |
---------------+-------------+-----
Fire Magic     | 4 |  4.4
Dodging        | 3 |  3.1
Fighting       | 1 |  1.0
Conjurations   | 2 |  2.0
Stealth        | |  2.4
Spellcasting   | |  3.6

Action                   |  1- 3 |  4- 6 || total
-------------------------+-------+-------++-------
Melee: Unarmed           |     2 |       ||     2
       Dagger            |     1 |     1 ||     2
 Cast: Flame Tongue      |    71 |    23 ||    94
       Conjure Flame     |       |     1 ||     1
  Eat: Chunk             |     3 |     2 ||     5
Armor: Robe              |     4 |     2 ||     6
Dodge: Dodged            |    22 |     5 ||    27

Table legend:
 A = Spawn XP
 B = Non-spawn XP
 C = Spawn XP percentage of total XP
 D = Spawn monster count
 E = Non-spawn monster count
 F = Spawn count percentage of total count
 G = Total turns spent on level
                    A         B        C        D         E        F      G
               +---------+---------+-------+---------+---------+-------+---------
         Total |       0 |     135 |   0.0 |       0 |      56 |   0.0 |  2605
               +---------+---------+-------+---------+---------+-------+---------
           D:1 |       0 |      37 |   0.0 |       0 |      19 |   0.0 |  1019
           D:2 |       0 |      38 |   0.0 |       0 |      13 |   0.0 |   895
           D:3 |       0 |      60 |   0.0 |       0 |      24 |   0.0 |   691
               +---------+---------+-------+---------+---------+-------+---------
